Map: Île des contrebandiers EC

Players

Raxer

  • Race: Protoss Protoss
  • League: Gold
  • Spawn Location: 5:00

zidar - Winner!

  • Race: Zerg Zerg
  • League: Gold
  • Spawn Location: 11:00

VOD

Have the link to the VOD?

Description

Time

  • Played on: Aug. 30, 2017, 2:29 p.m.
  • Length: 15:52
Show
View Real Time Build Order
Export as new Build Order

Raxer Protoss 

Build Orders: 1 Gate Expand, Zealot Archon 

Get SALT Encoding   

  12  0:01  Probe (Chrono Boost)  
  13  0:12  Probe (Chrono Boost)  
  14  0:22  Pylon  
  14  0:23  Probe (Chrono Boost)  
  15  0:41  Probe (Chrono Boost)  
  16  0:43  Gateway  
  16  0:46  Gateway  
  16  0:52  Probe (Chrono Boost)  
  16  0:55  Assimilator  
  17  1:03  Probe (Chrono Boost)  
  17  1:13  Probe (Chrono Boost)  
  18  1:23  Assimilator  
  18  1:43  Nexus  
  18  1:44  Probe (Chrono Boost)  
  19  1:55  Probe (Chrono Boost)  
  19  1:59  Cybernetics Core  
  20  2:08  Probe (Chrono Boost)  
  21  2:16  Pylon  
  21  2:23  Gateway  
  21  2:26  Probe (Chrono Boost)  
  24  2:37  Mothership Core (Chrono Boost)  
  24  2:55  Probe (Chrono Boost)  
  24  2:57  Probe (Chrono Boost)  
  26  3:00  Stalker  
  28  3:06  Probe (Chrono Boost)  
  28  3:08  Probe (Chrono Boost)  
  29  3:17  Probe (Chrono Boost)  
  29  3:18  Probe (Chrono Boost)  
  31  3:27  Probe (Chrono Boost)  
  31  3:28  Probe (Chrono Boost)  
  31  3:29  Warp Gate (Chrono Boost)  
  33  3:38  Probe  
  33  3:39  Pylon  
  33  3:40  Probe  
  35  3:48  Probe  
  35  3:52  Probe  
  37  3:57  Gateway x2  
  37  3:59  Probe  
  38  4:04  Probe, Pylon  
  38  4:09  Probe  
  39  4:16  Probe  
  41  4:20  Probe  
  42  4:28  Probe  
  42  4:29  Gateway  
  42  4:30  Probe  
  43  4:31  Gateway  
  43  4:32  Assimilator  
  43  4:33  Gateway  
  43  4:38  Twilight Council  
  44  4:39  Zealot  
  44  4:45  Zealot  
  48  4:47  Zealot  
  48  4:48  Probe  
  51  4:55  Sentry, Pylon  
  51  4:59  Probe  
  53  5:01  Probe, Assimilator  
  55  5:08  Gateway  
  55  5:12  Gateway  
  55  5:14  Charge  
  55  5:27  Zealot x3  
  55  5:28  Zealot  
  63  5:30  Zealot  
  65  5:42  Probe  
  65  5:46  Templar Archives  
  66  5:51  Zealot  
  66  5:53  Zealot  
  70  6:03  Pylon  
  70  6:05  Pylon  
  70  6:06  Pylon  
  70  6:19  Probe  
  70  6:22  Pylon  
  70  6:23  Pylon  
  73  6:29  Stalker  
  73  6:30  Sentry  
  77  6:32  Sentry  
  77  6:33  Sentry x2  
  77  6:37  Zealot  
  77  6:38  Zealot  
  85  6:50  Gateway  
  85  6:52  Sentry  
  87  6:54  Sentry x2  
  87  6:55  Gateway  
  91  7:01  High Templar  
  91  7:03  High Templar  
  91  7:04  High Templar x3  
  101  7:17  Robotics Facility  
  101  7:29  High Templar  
  103  7:31  Archon x2  
  103  7:43  Psionic Storm  
  103  7:45  Zealot  
  103  7:48  Zealot x2  
  109  7:54  Pylon  
  109  7:55  Pylon  
  109  8:06  Nexus  
  109  8:09  Pylon  
  109  8:12  Pylon  
  109  8:14  Phoenix  
  109  8:15  Assimilator  
  109  8:18  High Templar x2  
  113  8:20  Assimilator, Zealot x3  
  113  8:21  Zealot  
  113  8:25  Phoenix  
  121  8:31  Pylon  
  121  8:34  Pylon  
  121  8:40  Gateway  
  121  8:43  Gateway  
  121  8:45  Gateway  
  121  8:56  High Templar x2  
  121  8:57  High Templar  
  121  9:01  Forge  
  127  9:03  Stalker  
  127  9:04  Stalker x2  
  127  9:06  Forge  
  133  9:16  High Templar  
  135  9:20  Archon  
  135  9:21  Archon  
  133  9:33  Forge  
  133  9:34  Gateway  
  133  9:36  Probe  
  133  9:38  Probe  
  134  9:40  Probe  
  136  9:46  Probe  
  136  9:48  Probe  
  136  9:49  Zealot x4  
  136  9:50  Zealot x2  
  136  9:51  Observer  
  136  9:52  Probe  
  152  9:53  Zealot  
  152  9:57  Probe  
  152  9:59  Probe  
  155  10:01  High Templar  
  155  10:04  Probe  
  159  10:08  Probe  
  154  10:15  Probe  
  154  10:16  Probe  
  154  10:18  Probe  
  154  10:19  Zealot  
  159  10:21  High Templar x3  
  165  10:28  Probe  
  165  10:29  Probe  
  165  10:35  Photon Cannon  
  167  10:39  Probe  
  168  10:50  Probe  
  86  11:23  Zealot x3  
  86  11:24  Zealot x4  
  86  11:25  Zealot x2  
  85  11:36  Probe  
  86  11:41  High Templar  
  86  11:42  High Templar  
  86  11:44  High Templar x3  
  86  11:45  Immortal  
  86  11:47  Probe  
  100  11:49  Zealot x2  
  100  11:51  Protoss Ground Weapons Level 1  
  100  11:52  Protoss Ground Armor Level 1  
  105  11:55  Forge  
  105  11:57  Probe  
  105  11:58  Probe  
  105  12:00  Probe  
  108  12:08  Probe x2  
  108  12:11  Archon  
  110  12:18  Probe  
  111  12:24  Immortal  
  115  12:30  High Templar  
  115  12:31  High Templar x2  
  121  12:48  Nexus  
  121  12:49  Probe  
  122  12:51  Pylon  
  122  12:52  Pylon  
  122  12:53  Pylon  
  122  12:55  Pylon  
  122  12:58  Zealot x5  
  130  12:59  Zealot x2  
  130  13:00  Assimilator  
  130  13:04  Observer, Assimilator, Pylon  
  137  13:09  Pylon  
  137  13:11  High Templar x2  
  137  13:12  Pylon x2  
  141  13:15  High Templar, Pylon  
  141  13:16  High Templar  
  141  13:19  Archon x2  
  145  13:25  Immortal  
  149  13:31  Zealot x3  
  149  13:32  Zealot x2  
  149  13:33  High Templar  
  161  13:43  Protoss Shields Level 1 (Chrono Boost)  
  161  13:52  High Templar  
  161  13:55  Zealot  
  165  13:59  Probe  
  165  14:02  Probe  
  167  14:04  Observer  
  167  14:09  Probe  
  168  14:13  High Templar  
  168  14:14  High Templar  
  173  14:20  Probe  
  174  14:25  Mothership Core, Immortal  
  174  14:29  Zealot  
  174  14:30  Probe, Zealot x2  
  186  14:32  High Templar  
  189  14:41  Probe  
  190  14:49  Photon Cannon  
  190  14:51  Probe, Photon Cannon  
  190  14:54  Archon  
  190  14:55  Archon  
  191  15:05  Immortal  
  195  15:14  Archon  
  195  15:18  High Templar  
  95  15:40  Zealot  
  95  15:42  Zealot x4  
Show
View Real Time Build Order
Export as new Build Order

zidar Zerg - Winner!

Build Orders: Pool First, Lurkers 

Get SALT Encoding   

  12  0:01  Drone  
  13  0:12  Overlord  
  13  0:18  Drone  
  14  0:31  Drone x2  
  14  0:34  Drone  
  17  0:49  Spawning Pool  
  16  0:51  Drone  
  17  1:20  Hatchery  
  16  1:28  Drone  
  16  1:31  Extractor  
  16  1:32  Drone  
  17  1:42  Queen  
  17  1:45  Drone  
  20  1:52  Overlord  
  20  2:00  Zergling x2  
  21  2:18  Queen  
  23  2:35  Drone x4  
  27  2:38  Metabolic Boost  
  27  2:44  Drone  
  27  2:46  Queen  
  31  2:58  Drone x3  
  31  3:02  Overlord  
  33  3:17  Zergling x6  
  35  3:45  Drone x7  
  42  3:50  Overlord x2  
  42  4:02  Lair  
  42  4:06  Hatchery  
  41  4:23  Extractor  
  40  4:27  Extractor  
  39  4:31  Extractor  
  38  4:40  Drone x3  
  38  4:41  Drone x2  
  38  4:42  Drone  
  44  4:59  Drone x6  
  50  5:00  Drone x2  
  50  5:03  Overlord x2  
  52  5:17  Pneumatized Carapace  
  52  5:19  Queen  
  54  5:33  Hydralisk Den  
  53  5:41  Evolution Chamber  
  52  5:43  Evolution Chamber  
  51  6:06  Drone x3  
  51  6:07  Drone x12  
  66  6:14  Zerg Ground Armor Level 1, Zerg Melee Weapons Level 1  
  66  6:19  Muscular Augments  
  66  6:26  Baneling Nest  
  66  6:28  Zergling x16  
  66  6:31  Overlord  
  66  6:32  Overlord x2  
  73  6:44  Extractor, Drone  
  73  6:45  Drone  
  73  6:46  Extractor  
  73  6:47  Drone  
  74  6:50  Drone x3  
  77  7:09  Centrifical Hooks  
  76  7:15  Hydralisk  
  76  7:16  Hydralisk x5  
  76  7:19  Overlord  
  76  7:20  Overlord x6  
  88  7:50  Infestation Pit  
  87  7:58  Overseer  
  87  8:01  Hydralisk  
  87  8:02  Hydralisk x9  
  87  8:03  Zergling x2  
  87  8:04  Zergling x10  
  87  8:05  Baneling x4  
  113  8:06  Baneling  
  113  8:23  Hatchery  
  112  8:32  Zerg Melee Weapons Level 2  
  112  8:36  Zerg Ground Armor Level 2  
  112  8:47  Drone x3  
  115  8:53  Lurker Den  
  115  8:59  Hive  
  115  9:02  Zergling x34  
  132  9:14  Baneling  
  132  9:15  Baneling x12  
  132  9:17  Hydralisk  
  132  9:18  Hydralisk x2  
  138  9:31  Overlord  
  138  9:32  Overlord x5  
  138  9:43  Spire  
  136  10:22  Lurker x7  
  143  10:32  Adrenal Glands  
  99  11:34  Zergling x32  
  99  11:35  Zergling x22  
  124  12:11  Hydralisk x10  
  144  12:18  Greater Spire  
  144  12:34  Baneling x3  
  144  12:35  Baneling x8  
  144  12:42  Zerg Melee Weapons Level 3, Zerg Ground Armor Level 3  
  144  13:07  Corruptor x3  
  144  13:08  Corruptor x2  
  154  13:13  Hatchery  
  153  13:51  Brood Lord x5  
  153  13:55  Overlord  
  163  13:56  Overlord  
  163  14:06  Baneling  
  163  14:07  Baneling x10  
  163  14:27  Zergling x24  
  163  14:28  Zergling x28  
  189  14:32  Baneling  
  189  14:33  Baneling x20  
Tags
 
Add a new tag
Caveats
  • Supply blocks, unpowered buildings, or Contaminate may cause inaccurate times.
  • Supply counts are checked every 10 seconds.